 Dungeon Crawl Stone Soup version 0.32-a0-433-g08bcfe7efd (webtiles) character file.

Game seed: 6691898614030385945

225 IdlyInterested the Ruffian (level 6, -1/43 HPs)
             Began as an Octopode Fighter on Feb 22, 2024.
             Slain by a gnoll
             ... wielding a +0 spear
              (7 damage)
             ... on level 3 of the Dungeon.
             The game lasted 00:06:39 (2406 turns).

IdlyInterested the Ruffian (Octopode Fighter)       Turns: 2406, Time: 00:06:40

Health: -1/43      AC:  1    Str: 16    XL:     6   Next: 1%
Magic:  6/6        EV: 13    Int: 10    God:
Gold:   100        SH:  4    Dex: 13    Spells: 5/5 levels left

rFire   . .          .
                       - Unarmed
rCold   . . .        a - +0 buckler
rNeg    . . .        (helmet restricted)
rPois   .            (no amulet)
rElec   .            (no ring)
rCorr   .            (no ring)
SInv    .            (no ring)
Will    .....        (no ring)
Stlth   +++          (no ring)
HPRegen 0.27/turn    (no ring)
MPRegen 0.10/turn    (no ring)
                     (no ring)

%: no passive effects
@: attractive
A: almost no armour, amphibious, 8 rings, camouflage 1, gelatinous body 1,
(nimble swimmer 1), tentacles
a: no special abilities


You were on level 3 of the Dungeon.
You visited 1 branch of the dungeon, and saw 3 of its levels.

You collected 100 gold pieces.

Inventory:

Hand Weapons
 e - a +0 dagger
 j - a +2 short sword of speed
Missiles
 d - 29 stones (quivered)
 h - 5 curare-tipped darts
 p - 4 poisoned darts
 q - 2 boomerangs
Armour
 a - a +0 buckler (worn)
Scrolls
 c - a scroll of fear {unknown}
 f - 2 scrolls of blinking
 g - a scroll of teleportation
 l - 3 scrolls of revelation
 n - a scroll of silence {unknown}
Potions
 b - a potion of might
 k - a potion of invisibility {unknown}
 m - a potion of lignification {unknown}
 o - a potion of berserk rage {unknown}
 r - a potion of brilliance {unknown}


   Skills:
 + Level 4.1 Fighting
 - Level 1.0 Short Blades
 - Level 1.0 Throwing
 - Level 3.0 Dodging
 - Level 1.0 Stealth
 - Level 3.0 Shields
 * Level 4.5 Unarmed Combat
 - Level 1.0 Evocations
 + Level 0.9 Shapeshifting


You had 5 spell levels left.
You didn't know any spells.
Your spell library was empty.

Dungeon Overview and Level Annotations

Branches:
Dungeon (3/15)

Altars:


Innate Abilities, Weirdness & Mutations

You cannot wear most types of armour.
You are amphibious.
You can wear up to eight rings at the same time.
Your skin changes colour to match your surroundings (Stealth+).
Your rubbery body absorbs attacks. (AC +1, EV +1)
((You are camouflaged when in or above water. (Stealth+)))
You have tentacles for arms and can constrict up to eight enemies at once.


Message History

The ball python moves out of view.
Found a Young Poisoner's Handbook.
Found a robe.
You tentacle-slap the ball python.
You kill the ball python!
A gnoll comes into view. It is wielding a +0 spear.
Found a stone staircase leading down.
A gnoll comes into view. It is wielding a +0 flail.
The gnoll shouts!
You hear a shout!
The gnoll shouts!
The gnoll barely misses you.
You closely miss the gnoll.
The gnoll shouts! x2
Your grab misses the gnoll. You squeeze the gnoll.
The gnoll is moderately wounded.
The gnoll hits you with a +0 flail!
You bludgeon the gnoll! You grab the gnoll.
The gnoll is almost dead.
You constrict the gnoll. The gnoll closely misses you.
You tentacle-slap the gnoll but do no damage.
You squeeze the gnoll.
You kill the gnoll!
You tentacle-slap the gnoll. You grab the gnoll.
The gnoll is moderately wounded.
You constrict the gnoll. You block the gnoll's attack.
You tentacle-slap the gnoll.
The gnoll is severely wounded.
You constrict the gnoll. The gnoll hits you with a +0 whip.
The gnoll hits you from afar with a +0 spear.
You tentacle-slap the gnoll.
You kill the gnoll!
The gnoll hits you from afar with a +0 halberd!
* * * LOW HITPOINT WARNING * * *
The gnoll misses you.
You have reached level 6!
It was a potion of attraction.
You feel attractive to monsters. The gnoll misses you.
The gnoll hits you from afar with a +0 spear!
You die...

,#............................#
*#.........)))................#
##...........)................#
..........)...................#
..............................#
.[............................#
..............g...............#
.......<......................#
..............g)@.............#
...)..........................#
..............................#
..............................#
##..............[:............#
,,,,*,*,,......################
,,,,*+*,*.#.#>#********* *****
,,,,,,,,,,#.#.*,,,,^,,,* *,,,,
,,,,,,,****,*,*,,,,,,,,* *,,,,


You could see 2 gnolls.

Vanquished Creatures
  Natasha (thrice) (D:2)
  An orc wizard (D:3)
  2 gnolls (D:3)
  4 adders (D:2)
  A dart slug (D:2)
  A ribbon worm (D:2)
  4 orcs (D:3)
  7 bats
  4 endoplasms
  4 giant cockroaches
  10 goblins
  A hobgoblin (D:1)
  4 quokkas
  6 ball pythons
  7 kobolds
  8 rats
67 creatures vanquished.

Notes
Turn   | Place    | Note
-------+----------+-------------------------------------------
     0 | D:1      | IdlyInterested the Octopode Fighter began the quest for the
                  | Orb.
     0 | D:1      | Reached XP level 1. HP: 16/16 MP: 1/1
    68 | D:1      | Reached skill level 1 in Stealth
   128 | D:1      | Reached XP level 2. HP: 21/21 MP: 2/2
   437 | D:1      | Reached skill level 1 in Evocations
   437 | D:1      | Reached XP level 3. HP: 26/26 MP: 3/3
   505 | D:1      | Found a faded altar of an unknown god.
   895 | D:2      | Reached XP level 4. HP: 26/31 MP: 4/4
  1010 | D:2      | Reached skill level 1 in Throwing
  1436 | D:2      | Noticed Natasha
  1442 | D:2      | Killed Natasha
  1689 | D:2      | Noticed Natasha
  1691 | D:2      | Reached XP level 5. HP: 31/37 MP: 5/5
  1694 | D:2      | Killed Natasha
  1695 | D:2      | Reached skill level 1 in Short Blades
  1877 | D:2      | Noticed Natasha
  1881 | D:2      | Killed Natasha
  2406 | D:3      | Reached XP level 6. HP: 5/43 MP: 6/6
  2406 | D:3      | Slain by a gnoll

Illustrated notes

Levels and vault maps discovered:
D:1:      dpeg_arrival_rhombus, layout_rooms,
          shapermc_ecumenical_altar_acropolis
D:2:      minmay_skewed_foursquare, layout_loops_corners, uniq_natasha
D:3:      layout_basic, serial_bayou_pond_b

Skill      XL: |  1  2  3  4  5 |
---------------+----------------+-----
Stealth        | 1 |  1.0
Evocations     | 1 |  1.0
Unarmed Combat | 3 4 |  4.5
Throwing       | 1 |  1.0
Short Blades   | 1 |  1.0
Fighting       | 4 |  4.1
Dodging        | |  3.0
Shields        | |  3.0
Shapeshifting  | |  0.9

Action                     |  1- 3 |  4- 6 || total
---------------------------+-------+-------++-------
  Melee: Unarmed           |    83 |    62 ||   145
         Constrict         |    20 |    18 ||    38
         Tentacles         |    13 |     9 ||    22
         Punch             |     1 |     1 ||     2
    Use: Scroll            |     1 |     3 ||     4
         Potion            |       |     1 ||     1
   Stab: Sleeping          |     5 |     3 ||     8
 Armour: Skin              |    36 |    29 ||    65
  Dodge: Dodged            |    55 |    27 ||    82
  Block: Buckler           |    18 |    16 ||    34

Table legend: (Time is in decaauts)
 A = Elapsed time spent in this place.
 B = Non-inter-level travel time spent in this place.
 C = Inter-level travel time spent in this place.
 D = Time resting spent in this place.
 E = Time spent auto-exploring this place.
 F = Levels seen in this place.
 G = Mean time per level.
                   A        B        C        D        E       F      G
               +--------+--------+--------+--------+--------+-----+--------+
         Total |   2402 |   2248 |    154 |    558 |   1208 |   3 |  800.7 |
       Dungeon |   2402 |   2248 |    154 |    558 |   1208 |   3 |  800.7 |
               +--------+--------+--------+--------+--------+-----+--------+

Top non-repeatable levels by time:
     D:2: 1503 daAuts
     D:1: 626 daAuts
     D:3: 273 daAuts
